 Dungeon Crawl Stone Soup version 0.23.1-37-gaa34b87 (webtiles) character file.

Game seed: 218634246948048999

17439 Kairos the Covert (level 12, -10/66 HPs)
             Began as a Vine Stalker Assassin on Mar 20, 2019.
             Was a Follower of Uskayaw.
             Engulfed by an ice statue's freezing vapour (18 damage)
             ... in an ice cave.
             The game lasted 00:45:15 (9899 turns).

Kairos the Covert (Vine Stalker Assassin)           Turns: 9899, Time: 00:45:16

Health: -10/66     AC: 10    Str: 15    XL:     12   Next: 48%
Magic:  0/17       EV: 18    Int: 11    God:    Uskayaw [*.....]
Gold:   751        SH: 10    Dex: 24    Spells: 7/11 levels left

rFire    . . .     SeeInvis .   m - +5 dagger (elec)
rCold    . . .     Gourm    .   I - +0 shield
rNeg     . . .     Faith    .   y - +1 ring mail
rPois    .         Spirit   +   (no helmet)
rElec    .         Reflect  .   d - +1 cloak
rCorr    .         Harm     .   (no gloves)
MR       +....                  (no boots)
Stlth    +++++.....             H - amulet of rage
HPRegen  1.01/turn              n - +4 ring of evasion
MPRegen  0.15/turn              N - +4 ring of dexterity

@: drained
A: fangs 3, repulsion field 1, blink, regeneration 2, robust 1, shaggy fur 1,
magic shield, antimagic bite, no potion heal 3, rot immunity
a: Blink, Stomp, Renounce Religion, Evoke Berserk Rage


You were in an ice cave.
You worshipped Uskayaw.
Uskayaw was noncommittal.
You were not hungry.

You visited 3 branches of the dungeon, and saw 13 of its levels.
You also visited: Ice Cave.

You collected 751 gold pieces.

Inventory:

Hand Weapons
 b - a +0 blowgun
 j - a +2 dagger of speed
 m - a +5 dagger of electrocution (weapon)
 s - the +8 short sword "Atequdau" {pain, rC++}
   (You found it on level 4 of the Dungeon)

   In the hands of one skilled in necromantic magic, it inflicts extra damage on
   living creatures.
   It greatly protects you from cold.
 P - a +1 scimitar of flaming
 U - a +1 vampiric short sword
Missiles
 e - 70 poisoned needles
 f - 9 curare-tipped needles
 C - 5 poisoned javelins
 E - 11 tomahawks (quivered)
Armour
 d - a +1 cloak (worn)
 y - a +1 ring mail (worn)
 I - a +0 shield (worn)
Jewellery
 a - an uncursed ring of fire
 l - a +3 ring of evasion
 n - a +4 ring of evasion (left hand)
 r - an uncursed ring of stealth
 t - an uncursed ring of fire
 B - an uncursed amulet of harm
 F - an uncursed ring of protection from magic
 H - an amulet of rage (around neck)
 N - a +4 ring of dexterity (right hand)
 Q - an uncursed amulet of magic regeneration
Wands
 c - a wand of clouds (5)
 J - a wand of flame (15)
 L - a wand of acid (8)
 M - a wand of polymorph (6)
 V - a wand of paralysis (4)
Scrolls
 i - a scroll of immolation
 p - a scroll of teleportation
 q - 2 scrolls of random uselessness {unknown}
 u - 3 scrolls of remove curse
 z - a scroll of magic mapping
 K - a scroll of amnesia
 R - 2 scrolls of fog {unknown}
 S - 2 scrolls of blinking {unknown}
 T - a scroll of summoning {unknown}
 X - a scroll of holy word {unknown}
Potions
 h - 2 potions of might
 k - a potion of invisibility
 o - 5 potions of curing
 v - a potion of resistance {unknown}
 w - a potion of agility {unknown}
 x - 5 potions of lignification
 A - 2 potions of mutation
 G - 2 potions of haste
 O - a potion of cancellation {unknown}
Comestibles
 g - 27 rations


   Skills:
 + Level 5.6(4.5) Fighting
 + Level 8.7(7.5) Short Blades
 + Level 2.6(1.5) Throwing
 + Level 5.4(4.3) Armour
 + Level 5.6(4.5) Dodging
 + Level 14.7(13.3) Stealth
 + Level 4.7(3.6) Shields
 * Level 5.9(4.8) Invocations
 + Level 0.6(0.0) Evocations


You had 7 spell levels left.
You knew the following spells:

 Your Spells              Type           Power        Failure   Level  Hunger
a - Slow                  Hex            #.......     99%         2    ###....
b - Blink                 Tloc           N/A          99%         2    ###....

Your spell library contained the following spells:

 Spells                   Type           Power        Failure   Level  Hunger
 Magic Dart               Conj           #...         96%         1    ##.....
 Call Imp                 Summ           #.......     99%         2    ###....
 Conjure Flame            Conj/Fire      #.......     100%        3    ####...
 Mephitic Cloud           Conj/Pois/Air  #.......     100%        3    ####...


Dungeon Overview and Level Annotations

Branches:
Dungeon (11/15)            Temple (1/1) D:4            Lair (1/6) D:11
    Orc: D:9-12

Altars:
Cheibriados
Elyvilon
Fedhas
Gozag
Hepliaklqana
Kikubaaqudgha
Makhleb
Qazlal
Ru
Trog
Uskayaw
Wu Jian
Xom
Yredelemnul
Zin
The Shining One

Shops:
D:6 =

Annotations:
D:3 exclusion: oklob plant
D:8 2 transporters, DungeonDestroyer's ghost, novice GnSk
D:10 3 runed translucent doors, ABBCCCDDDD's ghost, novice DsGl
D:11 exclusion: oklob plant IceCv exclusion: 2 ice statues


Innate Abilities, Weirdness & Mutations

You have razor-sharp teeth.
You heal very quickly.
When hurt, damage is shared between your health and your magic reserves.
Your bite disrupts and absorbs the magic of your enemies.
Potions cannot restore your health.
You are immune to rotting.
You are surrounded by a mild repulsion field. (EV +2)
You can translocate small distances at will.
You are robust. (+10% HP)
You are covered in fur. (AC +1)


Message History

Marking area around the ice statue as unsafe for travelling.
Marking area around the ice statue as unsafe for travelling. 2 ice statues come into view.
Found a scroll of remove curse and a scroll of magic mapping.
You hit the ice statue but do no damage.
You bite the ice statue, but do no damage.
You hit the ice statue but do no damage.
You bite the ice statue, but do no damage.
The ice statue gestures at you. The freezing blast engulfs you!!
You hit the ice statue. You bite the ice statue.
The ice statue's magic leaks into the air.
You drain its magic.
You feel invigorated.
The ice statue is lightly damaged.
You are engulfed in freezing vapours.
The ice statue gestures at you. The bolt of cold hits you!!!
* * * LOW HITPOINT WARNING * * *
You are engulfed in freezing vapours.
You die...

#...∩...#
##.....##
##...## #...##
##...# ##...#
#...## ##...####
8#....@#8##
#.......§☼○.#
#........§§☼..#
#........☼.☼..#
...............#
...............#
.......⌠.......#
...............#
............#


There were no monsters in sight!

Vanquished Creatures
  Erica (D:8)
  3 two-headed ogres
  The ghost of cada the Slasher, a novice OpFi of Cheibriados (D:7)
  3 ugly things (D:11)
  A manticore (D:11)
  An elephant (D:11)
  A gargoyle (D:10)
  2 centaur zombies (D:11)
  2 rime drakes (Lair:1)
  An ice devil (IceCv)
  A queen bee (D:8)
  3 hornets (D:11)
  A troll (D:9)
  2 hippogriffs
  A shadow (D:11)
  9 yaks (D:11)
  Sigmund (D:3)
  A wyvern (D:10)
  2 basilisks
  A steam dragon (D:7)
  Menkaure (D:7)
  A porcupine (Lair:1)
  4 water moccasins
  4 ice beasts
  2 orc warriors (D:6)
  2 black bears
  2 necrophages
  2 sky beasts
  5 ogres
  5 centaurs
  3 crocodiles
  11 bullfrogs
  5 scorpions
  26 killer bees
  An oklob sapling (D:11)
  9 wights
  An electric eel (D:8)
  A howler monkey (D:10)
  6 crimson imps
  7 quasits
  6 orc priests
  3 bullfrog skeletons
  7 hounds
  13 orc wizards
  Crazy Yiuf (D:2)
  3 centaur skeletons
  Jessica (D:2)
  9 iguanas
  7 worker ants
  A killer bee zombie (D:7)
  2 hound zombies (D:5)
  A howler monkey zombie (D:5)
  7 gnolls
  2 worker ant zombies
  21 adders
  2 shadow imps
  5 oozes
  An adder skeleton (D:5)
  5 adder zombies
  A worm (D:1)
  2 dart slugs
  12 leopard geckos
  37 orcs
  10 giant cockroaches
  3 goblins
  7 hobgoblins
  11 jackals
  3 quokkas
  10 ball pythons
  2 bats (D:3)
  5 frilled lizards
  5 kobolds
  A leopard gecko skeleton (D:7)
  A leopard gecko zombie (D:7)
  A quokka zombie (D:6)
  12 rats
  A bush (D:11)
  A plant (D:11)
358 creatures vanquished.

Vanquished Creatures (others)
  2 jackals (D:7)
  2 fungi (D:11)
  5 plants (D:11)
9 creatures vanquished.

Grand Total: 367 creatures vanquished

Notes
Turn   | Place    | Note
-------+----------+-------------------------------------------
     0 | D:1      | Kairos the Vine Stalker Assassin began the quest for the
                  | Orb.
     0 | D:1      | Reached XP level 1. HP: 11/11 MP: 2/2
     7 | D:1      | Found a runed translucent door.
    25 | D:1      | Reached skill level 5 in Stealth
   110 | D:1      | Reached XP level 2. HP: 15/15 MP: 3/3
   315 | D:1      | Reached XP level 3. HP: 18/18 MP: 4/4
   602 | D:1      | Reached skill level 6 in Stealth
   706 | D:2      | Noticed Jessica
   715 | D:2      | Killed Jessica
   715 | D:2      | Gained mutation: Your natural rate of healing is unusually
                  | fast. [Vine Stalker growth]
   715 | D:2      | Reached XP level 4. HP: 12/23 MP: 3/5
   898 | D:2      | Reached skill level 1 in Dodging
   899 | D:2      | Reached XP level 5. HP: 24/27 MP: 4/6
   944 | D:2      | Found a runed translucent door.
   945 | D:2      | Noticed Crazy Yiuf
  1412 | D:3      | Found an ancient bone altar of Kikubaaqudgha.
  1412 | D:3      | Found a white marble altar of Elyvilon.
  1647 | D:3      | Noticed Sigmund
  1660 | D:3      | Killed Sigmund
  1660 | D:3      | Reached skill level 7 in Stealth
  1660 | D:3      | Reached XP level 6. HP: 30/32 MP: 5/7
  1875 | D:3      | Found a faded altar of an unknown god.
  1875 | D:3      | Found a basalt altar of Yredelemnul.
  1882 | D:3      | Found a faded altar of an unknown god.
  1884 | D:3      | Found a shimmering altar of Xom.
  1886 | D:3      | Found a stormy altar of Qazlal.
  2085 | D:3      | Found a blossoming altar of Fedhas.
  2098 | D:3      | Noticed an oklob plant
  2164 | D:4      | Found a staircase to the Ecumenical Temple.
  2168 | D:4      | Got an iridescent short sword
  2169 | D:4      | Identified the +8 short sword "Atequdau" {pain, rC++} (You
                  | found it on level 4 of the Dungeon)
  2176 | Temple   | Entered the Ecumenical Temple
  2209 | Temple   | Became a worshipper of Uskayaw the Reveler
  2265 | D:4      | Reached * piety under Uskayaw
  2288 | D:4      | Found a blossoming altar of Fedhas.
  2292 | D:4      | Reached XP level 7. HP: 35/35 MP: 8/8
  2412 | D:4      | Reached ** piety under Uskayaw
  2418 | D:4      | Reached *** piety under Uskayaw
  2419 | D:4      | Reached skill level 8 in Stealth
  2555 | D:4      | Found a hazy altar of Hepliaklqana.
  2786 | D:4      | Found a glowing silver altar of Zin.
  3054 | D:4      | Found a snail-covered altar of Cheibriados.
  3106 | D:4      | Learned a level 2 spell: Slow
  3134 | D:4      | Reached skill level 1 in Armour
  3480 | D:2      | Killed Crazy Yiuf
  3539 | D:5      | Entered Level 5 of the Dungeon
  3616 | D:5      | Gained mutation: You have razor-sharp teeth. [Vine Stalker
                  | growth]
  3616 | D:5      | Reached XP level 8. HP: 40/40 MP: 9/9
  3831 | D:5      | Reached skill level 9 in Stealth
  4173 | D:6      | Reached skill level 5 in Short Blades
  4232 | D:6      | Reached **** piety under Uskayaw
  4236 | D:6      | Reached skill level 10 in Stealth
  4239 | D:6      | Reached ***** piety under Uskayaw
  4271 | D:6      | Found a glowing golden altar of the Shining One.
  4282 | D:6      | Found Tumaqim's Jewellery Shop.
  4310 | D:6      | Reached XP level 9. HP: 40/44 MP: 10/10
  4831 | D:7      | Noticed Menkaure
  4877 | D:6      | Reached skill level 11 in Stealth
  5070 | D:7      | Killed Menkaure
  5208 | D:7      | Found a transporter.
  5211 | D:7      | Noticed cada's ghost (novice OpFi)
  5230 | D:7      | Found a transporter.
  5457 | D:7      | Reached XP level 10. HP: 49/49 MP: 11/11
  5501 | D:7      | Found a sacrificial altar of Ru.
  5673 | D:7      | Killed cada's ghost
  5673 | D:7      | Reached skill level 12 in Stealth
  5753 | D:8      | Noticed Erica
  5757 | D:8      | Found a transporter.
  5757 | D:8      | Noticed DungeonDestroyer's ghost (novice GnSk)
  5802 | D:8      | Killed Erica
  5802 | D:8      | Reached skill level 1 in Invocations
  5819 | D:8      | Found a transporter.
  6190 | D:8      | Reached skill level 13 in Stealth
  6281 | D:8      | Reached skill level 1 in Shields
  6675 | D:8      | Reached XP level 11. HP: 42/54 MP: 14/14
  7443 | D:10     | Entered Level 10 of the Dungeon
  7485 | D:10     | Noticed a two-headed ogre
  7485 | D:10     | Noticed a two-headed ogre
  7496 | D:9      | Killed a two-headed ogre
  7549 | D:10     | Killed a two-headed ogre
  7557 | D:10     | Reached skill level 5 in Fighting
  7736 | D:10     | Noticed a two-headed ogre
  7757 | D:10     | Killed a two-headed ogre
  7826 | D:10     | Learned a level 2 spell: Blink
  7921 | D:10     | Found a runed translucent gate.
  7922 | D:10     | Found a runed translucent gate.
  7967 | D:10     | Found a runed translucent gate.
  7981 | D:10     | Noticed a cyclops
  7981 | D:10     | Noticed a two-headed ogre
  7987 | D:10     | Noticed ABBCCCDDDD's ghost (novice DsGl)
  8507 | D:11     | Found a staircase to the Lair.
  8546 | D:11     | Reached skill level 5 in Armour
  8579 | D:11     | Reached skill level 14 in Stealth
  8590 | D:11     | Reached ****** piety under Uskayaw
  8606 | D:11     | Noticed a cyan ugly thing
  8606 | D:11     | Noticed a cyan ugly thing
  8621 | D:11     | Reached skill level 5 in Dodging
  8623 | D:11     | Killed a green ugly thing
  8645 | D:11     | Killed a cyan ugly thing
  8645 | D:11     | Reached skill level 5 in Invocations
  8645 | D:11     | Gained mutation: You heal very quickly. [Vine Stalker
                  | growth]
  8645 | D:11     | Reached XP level 12. HP: 41/60 MP: 16/16
  9466 | D:11     | Gained mutation: Your spells are a little easier to cast,
                  | but a little less powerful. [potion of mutation]
  9466 | D:11     | Gained mutation: You have sharp fingernails. [potion of
                  | mutation]
  9467 | D:11     | Lost mutation: Your spells are a little easier to cast, but
                  | a little less powerful. [potion of mutation]
  9467 | D:11     | Gained mutation: You are surrounded by a mild repulsion
                  | field. (EV +2) [potion of mutation]
  9467 | D:11     | Gained mutation: Armour fits poorly on your strangely
                  | shaped body. [potion of mutation]
  9467 | D:11     | Gained mutation: You are covered in fur. (AC +1) [potion of
                  | mutation]
  9468 | D:11     | Lost mutation: Armour fits poorly on your strangely shaped
                  | body. [potion of mutation]
  9468 | D:11     | Lost mutation: You have sharp fingernails. [potion of
                  | mutation]
  9468 | D:11     | Gained mutation: You are robust. (+10% HP) [potion of
                  | mutation]
  9468 | D:11     | Gained mutation: You can translocate small distances at
                  | will. [potion of mutation]
  9648 | Lair:1   | Entered Level 1 of the Lair of Beasts
  9785 | Lair:1   | Found a frozen archway.
  9796 | IceCv    | Entered an ice cave
  9899 | IceCv    | Engulfed by an ice statue's freezing vapour

Skill      XL: |  1  2  3  4  5  6  7  8  9 10 11 |
---------------+----------------------------------+-----
Fighting       | 2 3 4 5 |  5.6
Stealth        | 5 6 7 8 10 11 13 14 | 14.7
Short Blades   | 2 3 4 5 7 8 |  8.7
Dodging        | 1 2 3 4 5 |  5.6
Armour         | 1 2 3 4 5 |  5.4
Throwing       | 2 |  2.6
Invocations    | 2 5 |  5.9
Shields        | 2 4 |  4.7
Evocations     | |  0.6

Action                   |  1- 3 |  4- 6 |  7- 9 | 10-12 || total
-------------------------+-------+-------+-------+-------++-------
Melee: Dagger            |    97 |   125 |   237 |   615 ||  1074
       Bite              |    23 |    21 |    93 |   249 ||   386
       Short sword       |       |       |    53 |       ||    53
Throw: Javelin           |       |       |     6 |     1 ||     7
       Tomahawk          |       |       |       |    13 ||    13
Invok: Stomp             |       |       |       |     2 ||     2
 Abil: Evoke Berserk Rag |       |       |       |     2 ||     2
       Blink             |       |       |       |     8 ||     8
Evoke: Wand              |       |       |       |     5 ||     5
  Use: Scroll            |     4 |     5 |     6 |    12 ||    27
       Potion            |       |       |       |     7 ||     7
 Stab: Sleeping          |     7 |    13 |    26 |    21 ||    67
       Paralysed         |       |       |     8 |    17 ||    25
       Distracted        |       |       |     3 |     3 ||     6
       Invisible         |       |       |       |     1 ||     1
  Eat: Chunk             |       |     4 |    10 |    15 ||    29
       Ration            |       |       |       |     1 ||     1
Armor: Robe              |    15 |     7 |       |       ||    22
       Leather armour    |       |     1 |     2 |       ||     3
       Ring mail         |       |       |    28 |   105 ||   133
Dodge: Dodged            |    56 |    68 |   162 |   279 ||   565
Block: Shield            |       |       |       |   216 ||   216
